 Dungeon Crawl Stone Soup version 0.31-a0-1626-g5cb510d322 (webtiles) character file.

Game seed: 399338740060616498

64859 Dirtsage the Mimic (level 15, -34/103 HPs)
             Began as an Octopode Shapeshifter on Jan 12, 2024.
             Was a High Priest of the Shining One.
             Annihilated by an enormous slime creature (79 damage)
             ... on level 12 of the Dungeon.
             The game lasted 00:41:40 (18772 turns).

Dirtsage the Mimic (Octopode Shapeshifter)         Turns: 18772, Time: 00:41:40

Health: -34/103    AC: 13    Str: 13    XL:     15   Next: 14%
Magic:  22/22      EV: 23    Int: 13    God:    the Shining One [*****.]
Gold:   1302       SH: 15    Dex: 19    Spells: 5/14 levels left

rFire   + .          .
                       - Unarmed
rCold   + . .        R - +0 kite shield
rNeg    + + .        (helmet restricted)
rPois   .            E - amulet of reflection
rElec   .            p - +4 ring of protection
rCorr   .            u - +4 ring of protection
SInv    .            F - ring of protection from fire
Will    ++...        I - ring of protection from cold
Stlth   +            H - +4 ring of protection
HPRegen 0.37/turn    W - ring of wizardry
MPRegen 0.18/turn    v - ring of willpower
                     Q - +5 ring of evasion

%: reflection, wizardry (x1)
@: about to teleport, maw-form, glowing
A: devouring maw, almost no armour, amphibious, 8 rings, camouflage 1,
gelatinous body 1, (nimble swimmer 1), tentacles
a: Begin Untransformation, Renounce Religion, Divine Shield, Cleansing Flame,
Summon Divine Warrior


You were on level 12 of the Dungeon.
You worshipped the Shining One.
The Shining One was extremely pleased with you.
You were a creature with a mouth for a stomach.
You visited 4 branches of the dungeon, and saw 19 of its levels.
You also visited: Bailey and Volcano.

You collected 1738 gold pieces.
You spent 436 gold pieces at shops.

Inventory:

Missiles
 e - 3 curare-tipped darts (quivered)
 m - 3 throwing nets
Armour
 R - a +0 kite shield (worn)
Jewellery
 p - a +4 ring of protection (left tentacle)
 u - a +4 ring of protection (right tentacle)
 v - a ring of willpower (on tentacle)
 E - an amulet of reflection (around mantle)
 F - a ring of protection from fire (on tentacle)
 H - a +4 ring of protection (on tentacle)
 I - a ring of protection from cold (on tentacle)
 L - a ring of protection from cold
 Q - a +5 ring of evasion (on tentacle)
 U - a +6 ring of intelligence
 V - a +6 ring of strength
 W - a ring of wizardry (on tentacle)
 Z - a +6 ring of dexterity
Talismans
 w - a blade talisman
 S - a maw talisman (active)
Wands
 f - a wand of flame (10)
 o - a wand of polymorph (18)
 B - a wand of paralysis (9)
 C - a wand of roots (15)
 D - a wand of digging (6)
 M - a wand of mindburst (6)
Scrolls
 b - a scroll of vulnerability
 c - a scroll of immolation
 g - 4 scrolls of fear
 i - a scroll of fog
 j - 2 scrolls of noise
 k - 2 scrolls of silence
 r - 2 scrolls of butterflies
 t - 7 scrolls of teleportation
 y - a scroll of amnesia
 J - 3 scrolls of poison
 K - 2 scrolls of revelation
 Y - 3 scrolls of blinking {unknown}
Potions
 a - 4 potions of lignification
 d - 2 potions of might
 h - 3 potions of haste
 l - 4 potions of heal wounds
 n - 3 potions of resistance
 q - 5 potions of curing
 s - 3 potions of brilliance
 x - 2 potions of attraction
 z - a potion of cancellation
 A - a potion of invisibility
 G - a potion of enlightenment
 N - 7 potions of magic
 P - 3 potions of mutation
 T - 3 potions of berserk rage
Miscellaneous
 O - a phantom mirror
 X - a tin of tremorstones (2/2)


   Skills:
 + Level 9.9 Fighting
 + Level 10.1 Dodging
 * Level 4.8 Shields
 - Level 12.9 Unarmed Combat
 + Level 3.4 Conjurations
 + Level 1.1 Translocations
 + Level 3.2 Ice Magic
 + Level 3.3 Air Magic
 + Level 9.7 Invocations
 - Level 2.1 Evocations
 - Level 13.7 Shapeshifting


You had 5 spell levels left.
You knew the following spells:

 Your Spells              Type           Power      Damage    Failure   Level
a - Vhi's Electric Charg  Tloc/Air       10%        N/A       82%         4
b - Freezing Cloud        Conj/Ice/Air   4%         6-21      93%         5

Your spell library contained the following spells:

 Spells                   Type           Power      Damage    Failure   Level
 Sting                    Conj/Alch      16%        1d4       21%         1
 Apportation              Tloc           6%         N/A       24%         1
 Momentum Strike          Conj/Tloc      12%        3d8       24%         2
 Hailstorm                Conj/Ice       8%         3d5       28%         3
 Ensorcelled Hibernation  Hex/Ice        8%         N/A       30%         2
 Mercury Vapours          Alch/Air       8%         N/A       30%         2
 Blink                    Tloc           6%         N/A       34%         2
 Lesser Beckoning         Tloc           6%         N/A       34%         2
 Necrotise                Necr           0%         1d4       36%         1
 Sandblast                Erth           0%         2d4       36%         1
 Slow                     Hex            0%         N/A       36%         1
 Summon Small Mammal      Summ           0%         N/A       36%         1
 Mephitic Cloud           Conj/Alch/Air  5%         N/A       41%         3
 Stone Arrow              Conj/Erth      8%         3d7       50%         3
 Summon Ice Beast         Ice/Summ       4%         N/A       50%         3
 Call Canine Familiar     Summ           0%         N/A       71%         3
 Confusing Touch          Hex            0%         N/A       71%         3
 Fugue of the Fallen      Necr           0%         N/A       71%         3
 Inner Flame              Hex/Fire       0%         N/A       71%         3
 Passwall                 Erth           0%         N/A       71%         3
 Sigil of Binding         Hex            0%         N/A       71%         3
 Vampiric Draining        Necr           0%         2d6       71%         3
 Brom's Barrelling Bould  Conj/Erth      4%         2d3       86%         4
 Flame Wave               Conj/Fire      4%         2d5       86%         4
 Arcjolt                  Conj/Air       4%         1d14      93%         5
 Anguish                  Hex/Necr       0%         N/A       98%         4
 Olgreb's Toxic Radiance  Alch           0%         N/A       98%         4
 Sticky Flame             Fire/Alch      0%         2d4       98%         4
 Summon Blazeheart Golem  Fire/Summ      0%         N/A       98%         4
 Irradiate                Conj/Alch      2%         3d12      99%         5
 Summon Forest            Summ/Tloc      0%         N/A       100%        5
 Eringya's Noxious Bog    Alch           0%         4d6       100%        6
 Sculpt Simulacrum        Ice/Alch       2%         N/A       100%        6
 Summon Cactus Giant      Summ           0%         N/A       100%        6
 Summon Hydra             Summ           0%         N/A       100%        7
 Ignition                 Fire           0%         3d3       100%        8
 Lehudib's Crystal Spear  Conj/Erth      2%         10d2      100%        8
 Maxwell's Capacitive Co  Air            4%         ∞         100%        8
 Animate Armour           Summ/Erth      Unusable   N/A       N/A         4

Dungeon Overview and Level Annotations

Branches:
Dungeon (12/15)            Temple (1/1) D:7            Lair (5/5) D:10
 Shoals (0/4) Lair:2        Snake (0/4) Lair:3        Slime (1/5) Lair:4
    Orc (0/2) D:10         Bailey (visited)         Volcano (visited)

Altars:
Ashenzari
Cheibriados
Dithmenos
Elyvilon
Fedhas
Gozag
Hepliaklqana
Kikubaaqudgha
Makhleb
Nemelex Xobeh
Okawaru
Qazlal
Ru
Sif Muna
Trog
Uskayaw
Vehumet
Wu Jian
Xom
Yredelemnul
Zin
The Shining One
Jiyva

Shops:
D:4 *   D:6 (   D:12 [*([!*

Annotations:
D:8 3 runed translucent doors


Innate Abilities, Weirdness & Mutations

You are a creature with a mouth for a stomach.
Your midsection houses a second, enormous mouth.
You cannot wear most types of armour.
You are amphibious.
You can wear up to eight rings at the same time.
Your skin changes colour to match your surroundings (Stealth+).
Your rubbery body absorbs attacks. (AC +1, EV +1)
((You are camouflaged when in or above water. (Stealth+)))
You have tentacles for arms and can constrict up to eight enemies at once.


Message History

Two slime creatures merge to form a very large slime creature.
You tentacle-slap the very large slime creature but do no damage.
You squeeze the very large slime creature!
You bite the very large slime creature!
The very large slime creature is moderately wounded.
The very large slime creature attacks as it pursues you!
You block the very large slime creature's attack.
You bludgeon the very large slime creature!
You squeeze the very large slime creature, but do no damage.
You bite the very large slime creature!
The very large slime creature is heavily wounded.
You block the very large slime creature's attack.
You batter the very large slime creature!!
You tentacle-slap the very large slime creature, but do no damage.
You bite the very large slime creature, but do no damage.
The very large slime creature is heavily wounded.
The very large slime creature barely misses you.
Two slime creatures merge to form an enormous slime creature.
You bludgeon the enormous slime creature!
You bite the enormous slime creature, but do no damage.
The enormous slime creature is heavily wounded.
You tentacle-slap the enormous slime creature.
You bite the enormous slime creature.
The enormous slime creature is heavily wounded.
You block the enormous slime creature's attack.
You tentacle-slap the enormous slime creature.
You squeeze the enormous slime creature, but do no damage.
The enormous slime creature is heavily wounded.
The enormous slime creature completely misses you.
You bludgeon the enormous slime creature!
You squeeze the enormous slime creature!
You bite the enormous slime creature!
The enormous slime creature is severely wounded.
The enormous slime creature hits you!!
You take 32 damage, and have 45/103 hp.
MASSIVE DAMAGE!!
As you read the scroll of teleportation, it crumbles to dust.
You feel strangely unstable.
The enormous slime creature hits you!!!!
Ouch! That really hurt!
You die...

.....#....#..#.......#.....#..##.
.............#.............#.....
#########.........(..............
#.#....################## ######
#......# #..............' ......
####.#.# #....##..##....# ......
#...# #....###'##....# ......#
#...#########..#.....#
......######....WJ.....####'#####
..............######...# #......
...#..#...........<....# #.###..
...#...................# #......
...#.###.#....#####....# #######
.....#.#......... ...#
.....'.'....##### #### #
.....#.#†...# #≈ .....#.#....# §≈


You could see an enormous slime creature.

Vanquished Creatures
  An orc warlord (Bailey)
  A fire dragon (Lair:5)
  2 catoblepae
  A hydra (Lair:5)
  A centaur warrior (D:9)
  2 boulder beetles
  4 two-headed ogres
  3 tengu warriors (D:9)
  A hell knight (Volcano)
  Urug (Lair:3)
  2 skysharks (Lair:5)
  A fire crab (Lair:5)
  A salamander mystic (Volcano)
  2 skeletal warriors (D:9)
  A swamp dragon (Lair:5)
  An orc knight (D:9)
  2 deep elf pyromancers
  2 ugly things (D:12)
  2 cyclopes (D:9)
  2 manticores (Lair:2)
  6 salamanders (Volcano)
  A deep elf zephyrmancer (D:12)
  2 black mambas (Lair:2)
  A meliai (D:9)
  An elephant (D:10)
  4 torpor snails (Lair:1)
  Maggie (D:9)
  15 cane toads
  5 rime drakes
  3 unseen horrors
  2 ice devils (D:12)
  2 efreet
  8 komodo dragons
  A tengu conjurer (D:12)
  4 polar bears
  4 trolls
  2 hornets
  Prince Ribbit (D:9)
  A raiju (D:12)
  8 dream sheep
  2 slime creatures (D:12)
  An air elemental (D:12)
  4 wyverns
  52 yaks
  A shadow (D:9)
  4 wraiths
  7 basilisks
  A vampire mosquito (D:9)
  2 steam dragons
  A death yak simulacrum (Lair:1)
  2 acid dragons (Lair:5)
  14 water moccasins
  A sky beast (D:7)
  An ice beast (D:7)
  11 orc warriors
  3 swamp drakes (Lair:5)
  3 black bears
  23 wolves
  2 ogres
  4 centaurs
  15 bullfrogs
  5 gnoll sergeants
  6 scorpions
  An earth elemental (D:12)
  7 wights
  2 elephant simulacra (Lair:1)
  18 killer bees
  8 howler monkeys
  4 electric eels
  2 bombardier beetles (D:6)
  7 hounds
  A gnoll bouda (D:9)
  4 jellies (Lair:4)
  7 orc priests
  2 sleepcaps
  Jessica (D:3)
  5 iguanas
  9 orc wizards
  Robin (D:4)
  4 adders
  28 gnolls
  2 ufetubi (D:5)
  3 ribbon worms
  3 dart slugs
  30 orcs
  14 endoplasms
  A giant cockroach (D:4)
  19 goblins
  18 hobgoblins
  4 jackals (D:4)
  15 kobolds
  2 quokkas
  2 ball pythons (D:1)
  8 bats
  5 frilled lizards
  3 rats
510 creatures vanquished.

Vanquished Creatures (collateral kills)
  Erica (Lair:1)
1 creature vanquished.

Grand Total: 511 creatures vanquished

Notes
Turn   | Place    | Note
-------+----------+-------------------------------------------
     0 | D:1      | Dirtsage the Octopode Shapeshifter began the quest for the
                  | Orb.
     0 | D:1      | Reached XP level 1. HP: 13/13 MP: 1/1
    37 | D:1      | Reached XP level 2. HP: 16/18 MP: 2/2
   216 | D:1      | Reached XP level 3. HP: 23/23 MP: 3/3
   742 | D:2      | Reached XP level 4. HP: 18/29 MP: 4/4
   827 | D:2      | You fall into a shaft and drop 2 floors!
   831 | D:4      | Found Rucvunat's CLEARANCE SALE!.
   885 | D:2      | Found a faded altar of an unknown god.
  1565 | D:3      | Identified the +1 robe of the Hippo {-Tele rF+ SInv}
  1666 | D:3      | Reached skill level 4 in Shapeshifting
  1679 | D:3      | Noticed Jessica
  1686 | D:3      | Found a shimmering blue altar of Sif Muna.
  1692 | D:3      | Killed Jessica
  1693 | D:3      | Reached XP level 5. HP: 34/34 MP: 5/5
  1761 | D:3      | Found a glowing golden altar of the Shining One.
  1780 | D:3      | Became a worshipper of the Shining One
  1836 | D:3      | Found a blossoming altar of Fedhas.
  2413 | D:4      | Noticed Robin
  2438 | D:4      | Killed Robin
  2439 | D:4      | Reached XP level 6. HP: 39/41 MP: 6/6
  2449 | D:4      | Noticed a black bear
  2454 | D:4      | Killed a black bear
  2564 | D:4      | Reached skill level 5 in Shapeshifting
  2564 | D:4      | Reached XP level 7. HP: 45/46 MP: 7/7
  3076 | D:5      | Entered Level 5 of the Dungeon
  3285 | D:5      | Reached * piety under the Shining One
  3489 | D:5      | Found a radiant altar of Vehumet.
  3494 | D:5      | Reached skill level 1 in Invocations
  3740 | D:5      | Reached XP level 8. HP: 54/54 MP: 8/8
  4008 | D:6      | Reached skill level 6 in Shapeshifting
  4036 | D:6      | Reached skill level 5 in Unarmed Combat
  4041 | D:6      | Found Ohiraasu's Weapon Boutique.
  4489 | D:6      | Found a snail-covered altar of Cheibriados.
  4875 | D:7      | Found a staircase to the Ecumenical Temple.
  4891 | Temple   | Entered the Ecumenical Temple
  4935 | D:7      | Reached skill level 5 in Dodging
  4942 | D:7      | Identified the +1 short sword "Vattoise" {freeze, rPois
                  | Stlth+}
  4965 | D:7      | Reached XP level 9. HP: 58/59 MP: 11/11
  4974 | D:7      | Reached skill level 7 in Shapeshifting
  5166 | D:7      | Reached skill level 5 in Fighting
  5244 | D:7      | Found a bloodstained altar of Trog.
  5315 | D:7      | Found a white marble altar of Elyvilon.
  5425 | D:7      | Found a broken altar of Ashenzari.
  5972 | D:8      | Found a runed translucent gate.
  5972 | D:8      | Found a runed translucent gate.
  5972 | D:8      | Found a runed translucent gate.
  5972 | D:8      | Noticed a death yak
  5972 | D:8      | Noticed a manticore
  5972 | D:8      | Noticed a manticore
  5973 | D:8      | Noticed a death yak
  5973 | D:8      | Reached ** piety under the Shining One
  6060 | D:8      | Noticed a two-headed ogre
  6067 | D:8      | Killed a two-headed ogre
  6068 | D:8      | Reached skill level 8 in Shapeshifting
  6068 | D:8      | Reached XP level 10. HP: 28/68 MP: 13/13
  6080 | D:8      | Found a flagged portal.
  6090 | Bailey   | Entered a bailey
  6203 | Bailey   | Noticed an orc warlord
  6221 | Bailey   | Reached skill level 5 in Invocations
  6321 | Bailey   | Found a runed translucent gate.
  6331 | Bailey   | Found a runed translucent gate.
  6351 | Bailey   | Found a runed translucent gate.
  6445 | Bailey   | Killed an orc warlord
  6446 | Bailey   | Reached skill level 9 in Shapeshifting
  6623 | D:8      | Identified the +8 hand axe of Honour {protect, Fly rElec
                  | rC++ Int-2}
  6664 | D:8      | Reached skill level 10 in Shapeshifting
  7069 | D:8      | Learned a level 4 spell: Vhi's Electric Charge
  7173 | D:9      | Noticed a tengu warrior
  7188 | D:9      | Killed a tengu warrior
  7189 | D:9      | Reached skill level 11 in Shapeshifting
  7189 | D:9      | Reached XP level 11. HP: 43/72 MP: 14/14
  7568 | D:9      | Noticed a tengu warrior
  7568 | D:9      | Noticed a tengu warrior
  7571 | D:9      | Reached XP level 12. HP: 63/80 MP: 16/16
  7577 | D:9      | Reached *** piety under the Shining One
  7589 | D:9      | Killed a tengu warrior
  7592 | D:9      | Noticed a centaur warrior
  7596 | D:9      | Killed a tengu warrior
  7600 | D:9      | Killed a centaur warrior
  8070 | D:9      | Noticed Prince Ribbit
  8076 | D:9      | Killed Prince Ribbit
  8242 | D:9      | Noticed Maggie
  8257 | D:9      | Killed Maggie
  8387 | D:9      | Identified the ring "Zasist" {rN++ Will- Int+6 SInv}
  8516 | D:9      | Reached skill level 12 in Shapeshifting
  8542 | D:9      | Found an iron altar of Okawaru.
  8564 | D:9      | HP: 3/81 [skeletal warrior/+0 glaive (24)]
  8786 | D:9      | Identified the +3 mace of Makhleb, Smoking {chaos, rF+
                  | Str+3}
  8792 | D:9      | Identified the +0 orcbow "Xefutz" {heavy, Fly rCorr Int+3
                  | Dex-4}
  8816 | D:9      | Found a shadowy altar of Dithmenos.
  8899 | D:9      | Identified a scroll of acquirement
  8899 | D:9      | Acquired 318 gold pieces
  9007 | D:10     | Entered Level 10 of the Dungeon
  9169 | D:10     | Reached XP level 13. HP: 86/86 MP: 18/18
  9196 | D:10     | Found a staircase to the Orcish Mines.
  9595 | D:10     | Found a staircase to the Lair.
 11098 | D:11     | Reached **** piety under the Shining One
 11336 | Lair:1   | Entered Level 1 of the Lair of Beasts
 11371 | Lair:1   | Found a dark tunnel.
 11429 | Volcano  | Entered a volcano
 11650 | Volcano  | Reached skill level 13 in Shapeshifting
 11653 | Volcano  | Found a radiant altar of Vehumet.
 13069 | Lair:1   | Found a snail-covered altar of Cheibriados.
 13417 | Lair:1   | Reached XP level 14. HP: 93/95 MP: 20/20
 13532 | Lair:1   | Noticed Erica
 13538 | Lair:1   | Killed Erica
 14035 | Lair:2   | Reached skill level 1 in Evocations
 14311 | Lair:2   | Found a staircase to the Shoals.
 15097 | Lair:3   | Paralysed by a hornet for 3 turns
 15239 | Lair:3   | Noticed Urug
 15243 | Lair:3   | Killed Urug
 15560 | Lair:3   | Found a staircase to the Snake Pit.
 16435 | Lair:4   | Found a viscous altar of Jiyva.
 16486 | Lair:4   | Found a staircase to the Slime Pits.
 16635 | Lair:4   | Reached skill level 1 in Shields
 16686 | Lair:4   | Got the Almanac of the Productive Winter
 16737 | Lair:4   | Reached skill level 1 in Conjurations
 16739 | Lair:4   | Reached skill level 1 in Air Magic
 16996 | Lair:4   | Reached skill level 1 in Ice Magic
 17157 | Lair:5   | Entered Level 5 of the Lair of Beasts
 17243 | Slime:1  | Entered Level 1 of the Pits of Slime
 17243 | Slime:1  | Noticed a rockslime
 17243 | Slime:1  | Noticed an acid blob
 17243 | Slime:1  | Reached ***** piety under the Shining One
 18157 | D:12     | Reached skill level 10 in Dodging
 18275 | D:12     | Found Yfyprom's Antique Weapon Shoppe.
 18280 | D:12     | Found Mausad's General Store.
 18281 | D:12     | Found Numehuro's General Store.
 18281 | D:12     | Found Keestrei's Distillery.
 18295 | D:12     | Bought a scroll of identify for 24 gold pieces
 18295 | D:12     | Bought a ring of wizardry for 360 gold pieces
 18304 | D:12     | Learned a level 5 spell: Freezing Cloud
 18317 | D:12     | Found Toadwod's Armour Emporium.
 18317 | D:12     | Found Soggozas's Antique Armour Shoppe.
 18344 | D:12     | Reached XP level 15. HP: 99/103 MP: 22/22
 18395 | D:12     | Bought a scroll of fog for 52 gold pieces
 18532 | D:12     | Paralysed by an air elemental for 1 turns
 18534 | D:12     | Reached skill level 1 in Translocations
 18772 | D:12     | Annihilated by an enormous slime creature

Illustrated notes

Levels and vault maps discovered:
D:1:      dpeg_arrival_tiny_h, layout_rooms, hangedman_decor_clover_reticule,
          dreamdust_mushroom_princess, minmay_pentomino_r4
D:2:      minmay_diamond_boxcup, layout_loops_ring,
          dreamdust_ecumenical_altar_statues, minivault_24
D:3:      layout_basic, tgw_sif, mainiacjoe_overflow_catch_the_wave,
          serial_rivers, chequers_serial_rivers_small_b,
          chequers_serial_rivers_large_a, chequers_serial_rivers_micro_e,
          chequers_serial_rivers_micro_a, chequers_serial_rivers_small_3
D:4:      minmay_general_purpose_star, layout_basic, nicolae_shop_clearance,
          uniq_robin
D:5:      layout_loops_cross, nicolae_vehumet_altar_sigil, serial_bayou_pond_c
D:6:      layout_cave_pods, slow_altar_1, serial_shops,
          nicolae_shop_bloodbath_and_beyond, kennysheep_boxes
D:7:      nicolae_cairo_tiling_large_dashed, layout_basic, elyvilon_altar_3,
          nicolae_ashenzari_skybound, lemuel_round_altar, grunt_ministairs_3
D:8:      lemuel_bear_cage, layout_loops_ring, enter_bailey_2
D:9:      minmay_the_grid_4x2 [minmay_the_grid_minigrid_large,
          minmay_the_grid_expand, minmay_the_grid_fan, minmay_the_grid_armoury,
          minmay_the_grid_tree, minmay_the_grid_garden,
          minmay_the_grid_plusring, minmay_the_grid_prize_shrinking_boxes],
          layout_rooms, mainiacjoe_overflow_paths, okawaru_ov_weapons_minmay,
          nrook_pool_corridor, uniq_prince_ribbit1, uniq_maggie
D:10:     layout_basic, grunt_lair_entry_orc_guard_hut,
          minmay_orc_entry_temple_small
D:11:     layout_gridville
D:12:     layout_stronghold, nicolae_shop_national_dungeon_mall,
          dilly_guarded_unrand_elemental_staff
Temple:   hellmonk_temple_forest_ring
Lair:1:   layout_long_grid, nicolae_volcano_entry_s_turn,
          portal_ice_cave_entry_ice_simulacra, nicolae_quartered_pool_little,
          kennysheep_snail_temple, uniq_erica
Lair:2:   layout_regular_city, minmay_shoals_entry_beasts,
          gammafunk_lair_bear_cave, serial_bayou_shore_a
Lair:3:   layout_cave_pods, dummy_snake_entry, uniq_urug
Lair:4:   layout_loops_ring, nicolae_slime_entry_field_trip, grunt_megastairs_4
Lair:5:   guppyfry_lair_end_dragon, layout_cave_shapes
Slime:1:  layout_caves

Skill      XL: |  1  2  3  4  5  6  7  8  9 10 11 12 13 14 15 |
---------------+----------------------------------------------+-----
Fighting       | 2 3 4 5 6 7 8 9 |  9.9
Shapeshifting  | 4 5 6 8 11 12 13 | 13.7
Dodging        | 3 4 5 6 7 9 10 | 10.1
Unarmed Combat | 4 5 6 11 12 | 12.9
Invocations    | 1 3 4 5 6 8 9 |  9.7
Evocations     | 2 |  2.1
Shields        | 4 |  4.8
Conjurations   | 3 |  3.4
Air Magic      | 2 3 |  3.3
Ice Magic      | 2 3 |  3.2
Translocations | 1 |  1.1

Action                     |  1- 3 |  4- 6 |  7- 9 | 10-12 | 13-15 || total
---------------------------+-------+-------+-------+-------+-------++-------
  Melee: Unarmed           |    62 |   120 |   232 |   289 |   669 ||  1372
         Constrict         |    19 |    31 |    69 |    50 |   113 ||   282
         Tentacles         |    15 |    23 |    86 |    94 |   258 ||   476
         Punch             |     2 |     5 |     4 |    28 |    99 ||   138
         Maw               |       |       |       |    17 |   320 ||   337
  Throw: Dart              |       |       |       |       |     1 ||     1
 Invoke: Divine Shield     |       |       |       |     2 |       ||     2
  Evoke: Wand              |       |       |     2 |       |     2 ||     4
         Phantom mirror    |       |       |       |       |     1 ||     1
    Use: Scroll            |       |       |     8 |     7 |    14 ||    29
         Potion            |       |       |       |     9 |     2 ||    11
   Stab: Sleeping          |     3 |     6 |       |       |       ||     9
         Distracted        |     1 |       |       |       |       ||     1
 Armour: Skin              |    28 |    52 |    83 |   154 |   243 ||   560
  Dodge: Dodged            |    38 |    56 |   168 |   159 |   312 ||   733
  Block: Other             |       |       |       |    15 |    19 ||    34
         Kite shield       |       |       |       |       |   173 ||   173
         Reflection        |       |       |       |       |     2 ||     2
   Form: Flux              |       |       |     1 |       |       ||     1
         Blade             |       |       |       |     2 |     1 ||     3
         Maw               |       |       |       |     1 |     2 ||     3

Table legend: (Time is in decaauts)
 A = Elapsed time spent in this place.
 B = Non-inter-level travel time spent in this place.
 C = Inter-level travel time spent in this place.
 D = Time resting spent in this place.
 E = Time spent auto-exploring this place.
 F = Levels seen in this place.
 G = Mean time per level.
                   A        B        C        D        E       F      G
               +--------+--------+--------+--------+--------+-----+--------+
         Total |  18570 |  17577 |    993 |    468 |  13591 |  21 |  884.3 |
       Dungeon |  11645 |  11083 |    562 |    352 |   8493 |  12 |  970.4 |
        Temple |      1 |      1 |      0 |      0 |      0 |   1 |    1.0 |
          Lair |   5639 |   5209 |    430 |    104 |   4147 |   5 | 1127.8 |
    Slime Pits |      1 |      1 |      0 |      0 |      0 |   1 |    1.0 |
        Bailey |    518 |    518 |      0 |     12 |    284 |   1 |  518.0 |
       Volcano |    764 |    764 |      0 |      0 |    667 |   1 |  764.0 |
               +--------+--------+--------+--------+--------+-----+--------+

Top non-repeatable levels by time:
     D:9: 1979 daAuts
  Lair:1: 1700 daAuts
    D:10: 1420 daAuts
  Lair:2: 1252 daAuts
  Lair:3: 1060 daAuts
    D:11: 1029 daAuts
     D:8: 956 daAuts
  Lair:4: 943 daAuts
     D:6: 932 daAuts
     D:2: 920 daAuts
     D:4: 851 daAuts
     D:3: 794 daAuts
     D:5: 773 daAuts
 Volcano: 764 daAuts
     D:7: 733 daAuts
